 Dungeon Crawl Stone Soup version 0.16.2-12-gd0ad4c3 (webtiles) character file.

49 faibistes the Magician (level 3, -3/19 HPs)
             Began as a Deep Elf Wizard on Mar 18, 2019.
             Slain by a river rat (10 damage)
             ... in a sewer.
             The game lasted 00:03:57 (1985 turns).

faibistes the Magician (Deep Elf Wizard)            Turns: 1985, Time: 00:03:57

Health: -3/19      AC:  2    Str:  4    XL:     3   Next: 51%
Magic:  0/14       EV: 13    Int: 23    God:
Gold:   74         SH:  0    Dex: 13    Spells: 5 memorised, 1 level left

rFire  . . .     SeeInvis .     g - +0 dagger
rCold  . . .     Clarity  .     a - +0 robe
rNeg   . . .     SustAb   .     (no shield)
rPois  .         Gourm    .     b - +0 hat
rElec  .         Spirit   .     (no cloak)
rCorr  .         Warding  .     (no gloves)
rMut   .         Stasis   .     (no boots)
MR     .....                    (no amulet)
Stlth  ++........               (no ring)
                                (no ring)

@: very slightly contaminated, not resistant to hostile enchantments, unstealthy
A: no striking features
a: no special abilities


You were in a sewer.
You were not hungry.

You visited 1 branch of the dungeon, and saw 3 of its levels.
You also visited: Sewer.

You collected 74 gold pieces.

Inventory:

Hand weapons
 g - a +0 dagger (weapon)
Armour
 a - a +0 robe (worn)
 b - a +0 hat (worn)
Scrolls
 k - a scroll of magic mapping {unknown}
Potions
 e - 2 potions of restore abilities
 h - a potion of might
 i - a potion of haste {unknown}
 j - a potion of lignification {unknown}
 l - a potion of agility {unknown}
 m - a potion of brilliance {unknown}
Books
 c - a book of Minor Magic

   Spells                             Type                      Level
   a - Magic Dart                     Conjuration                  1
   b - Blink                          Translocation                2
   c - Call Imp                       Summoning                    2
   d - Repel Missiles                 Charms/Air                   2
   e - Slow                           Hexes                        2
   f - Conjure Flame                  Conjuration/Fire             3
   g - Mephitic Cloud                 Conjuration/Poison/Air       3
Comestibles
 d - a bread ration
 f - 4 chunks of flesh


   Skills:
 + Level 2.8 Dodging
 - Level 2.4 Stealth
 * Level 5.2 Spellcasting
 * Level 2.7 Conjurations
 - Level 1.1 Summonings
 - Level 1.1 Translocations


You had one spell level left.
You knew the following spells:

 Your Spells              Type           Power        Failure   Level  Hunger
a - Magic Dart            Conj           ###.         2%          1    None
b - Conjure Flame         Conj/Fire      ##......     17%         3    ##.....
c - Call Imp              Summ           ##......     12%         2    None
d - Blink                 Tloc           N/A          12%         2    None
e - Mephitic Cloud        Conj/Pois/Air  ##......     21%         3    ##.....


Dungeon Overview and Level Annotations

Branches:
Dungeon (3/15)

Altars:

Annotations:
D:2 Terence


Message History

Press: ? - help, Shift-Dir - straight line, f/p - river rat
Aim: a river rat (heavily wounded)
The magic dart hits the river rat.
The river rat is heavily wounded.
The river rat barely misses you.
Casting: Magic Dart
Confirm with . or Enter, or press ? or * to list all spells.
Aiming: Magic Dart
Press: ? - help, Shift-Dir - straight line, f/p - river rat
Aim: a river rat (heavily wounded)
The magic dart hits the river rat.
The river rat is severely wounded.
The river rat bites you.
Casting: Magic Dart
Confirm with . or Enter, or press ? or * to list all spells.
A beastly little devil appears in a puff of flame.
The river rat barely misses you. The river rat bites you!
Ouch! That really hurt!
You die...

.≈ .≈ #≈ #≈ #≈
##≈## ##.≈≈##
####.≈.∩r####....
≈≈≈≈≈≈.∩≈@5≈≈≈.≈.≈
####.....####≈.≈.
##.≈≈## ##≈## #≈
#≈ #≈ ≈


You could see a river rat and a friendly crimson imp.

Vanquished Creatures
  An adder (D:3)
  A giant mite (D:3)
  A giant gecko (D:3)
  A ball python (D:3)
  A bat (D:1)
  4 hobgoblins
  3 jackals
  A kobold (D:1)
  An ooze (Sewer)
  A quokka (D:2)
  A giant newt (D:1)
  2 rats
18 creatures vanquished.

Vanquished Creatures (collateral kills)
  A river rat (D:3)
  2 ball pythons (D:3)
  3 jackals (D:1)
  A giant cockroach (D:3)
  A kobold (D:3)
  A rat (D:3)
9 creatures vanquished.

Grand Total: 27 creatures vanquished

Notes
Turn   | Place    | Note
--------------------------------------------------------------
     0 | D:1      | faibistes, the Deep Elf Wizard, began the quest for the Orb.
     0 | D:1      | Reached XP level 1. HP: 10/10 MP: 6/6
   277 | D:2      | Noticed Terence
   618 | D:2      | Reached XP level 2. HP: 15/15 MP: 7/10
   625 | D:2      | Learned a level 2 spell: Blink
   628 | D:2      | Learned a level 2 spell: Call Imp
  1618 | D:3      | Reached skill level 5 in Spellcasting
  1765 | D:3      | Reached XP level 3. HP: 17/19 MP: 14/14
  1770 | D:3      | Learned a level 3 spell: Conjure Flame
  1774 | D:3      | Learned a level 3 spell: Mephitic Cloud
  1839 | D:3      | Found a glowing drain.
  1969 | Sewer    | Entered a sewer
  1985 | Sewer    | Slain by a river rat

Action                   || total
-------------------------++-------
Melee: Dagger            ||     1
 Cast: Magic Dart        ||    56
       Call Imp          ||    12
       Blink             ||     1
  Use: Scroll            ||     2
 Stab: Sleeping          ||     1
  Eat: Chunk             ||     3
